 Dungeon Crawl Stone Soup version 0.21.1-1-g345015f (webtiles) character file.

101 inc the Digger (level 4, -1/27 HPs)
             Began as an Octopode Earth Elementalist on June 12, 2018.
             Slain by a phantom (7 damage)
             ... on level 3 of the Dungeon.
             The game lasted 00:03:19 (2385 turns).

inc the Digger (Octopode Earth Elementalist)        Turns: 2385, Time: 00:03:20

Health: -1/27      AC:  1    Str:  7    XL:     4   Next: 75%
Magic:  0/7        EV: 14    Int: 18    God:
Gold:   124        SH:  0    Dex: 16    Spells: 1/7 levels left

rFire    . . .     SeeInvis +   (no weapon)
rCold    . . .     Gourm    .   (no shield)
rNeg     . . .     Faith    .   (helmet restricted)
rPois    .         Spirit   .   (no amulet)
rElec    .         Reflect  .   a - ring of see invisible
rCorr    .         Harm     .   r - +4 ring of dexterity
MR       .....                  (no ring)
Stlth    +++.......             (no ring)
HPRegen  0.09/turn              (no ring)
MPRegen  0.10/turn              (no ring)
                                (no ring)
                                (no ring)

@: no status effects
A: almost no armour, stealthy swim, amphibious, 8 rings, constrict 8, camouflage
1, gelatinous body 1
a: no special abilities


You were on level 3 of the Dungeon.
You were not hungry.

You visited 1 branch of the dungeon, and saw 3 of its levels.

You collected 124 gold pieces.

Inventory:

Missiles
 b - 100 stones (quivered)
Armour
 e - a +2 shield of protection
Jewellery
 a - a ring of see invisible (left tentacle)
 r - a +4 ring of dexterity (right tentacle)
Scrolls
 g - 3 scrolls of remove curse {unknown}
 j - 5 scrolls of identify {unknown}
 l - a scroll of teleportation {unknown}
 n - 2 scrolls of amnesia {unknown}
Potions
 f - 3 potions of lignification {unknown}
 h - a potion of heal wounds {unknown}
 i - 2 potions of agility {unknown}
 k - a potion of haste {unknown}
 m - a potion of curing {unknown}
 o - 2 potions of ambrosia {unknown}
 p - a potion of berserk rage {unknown}
 q - a potion of might {unknown}
Books
 d - a book of Geomancy

   Spells                             Type                      Level
   a - Sandblast                      Earth                        1
   b - Passwall                       Transmutation/Earth          2
   c - Stone Arrow                    Conjuration/Earth            3
   d - Petrify                        Transmutation/Earth          4
   e - Lee's Rapid Deconstruction     Earth                        5
Comestibles
 c - 7 rations


   Skills:
 - Level 2.0 Dodging
 - Level 2.6 Stealth
 - Level 2.0 Spellcasting
 - Level 1.0 Transmutations
 + Level 5.3 Earth Magic


You had one spell level left.
You knew the following spells:

 Your Spells              Type           Power        Failure   Level  Hunger
a - Sandblast             Erth           ###...       1%          1    #......
b - Passwall              Tmut/Erth      ##........   8%          2    ###....
c - Stone Arrow           Conj/Erth      ##....       19%         3    ###....


Dungeon Overview and Level Annotations

Branches:
Dungeon (3/15)

Altars:
Elyvilon

Annotations:
D:2 2 transporters


Innate Abilities, Weirdness & Mutations

You cannot wear most types of armour.
You are very stealthy in the water. (Stealth+)
You are amphibious.
You can wear up to eight rings at the same time.
You can use your tentacles to constrict eight enemies at once.
Your skin changes colour to match your surroundings (Stealth+).
Your rubbery body absorbs attacks. (AC +1, EV +1)


Message History

You tentacle-slap the orc priest but do no damage.
The orc priest is heavily wounded.
You constrict the orc priest, but do no damage.
The orc priest misses you.
You tentacle-slap the orc priest but do no damage.
You squeeze the orc priest.
The orc priest is severely wounded.
You constrict the orc priest. The phantom completely misses you.
The orc priest barely misses you.
Unknown command.
Casting: Sandblast
Confirm with . or Enter, or press ? or * to list all spells.
Aiming: Sandblast
Press: ? - help, Shift-Dir - straight line, f/p - orc priest
Aim: an orc priest, wielding a war axe and wearing a leather armour (severely wounded, constricted by you)
The blast of sand hits the orc priest.
You kill the orc priest!
b - 100 stones The phantom hits you!
You die...

..#. ... .!. ...# ..#
#$.####..# #..
.....#..##..##
....#..#.... #......#..#
#.........##
###...##.<...# #
###..@))##.†.#.....
..###....W).##...# #...
....$...#.).##...#....#
#.........!......†......
##.....###..#..........
#.###.# #.........#... #
#.# ##.......## ..
#.####.....W..#
#...............


You could see a phantom.

Vanquished Creatures
  An orc priest (D:3)
  2 adders (D:3)
  A worm (D:2)
  A leopard gecko (D:1)
  4 orcs (D:3)
  6 bats
  2 giant cockroaches
  3 goblins
  7 hobgoblins
  4 jackals (D:3)
  6 frilled lizards
  5 kobolds
  5 rats
47 creatures vanquished.

Notes
Turn   | Place    | Note
-------+----------+-------------------------------------------
     0 | D:1      | inc the Octopode Earth Elementalist began the quest for the Orb.
     0 | D:1      | Reached XP level 1. HP: 11/11 MP: 3/3
   299 | D:1      | Reached XP level 2. HP: 16/17 MP: 1/5
   606 | D:1      | Reached skill level 4 in Earth Magic
   834 | D:1      | Reached XP level 3. HP: 21/21 MP: 6/6
  1265 | D:2      | Found a transporter.
  1265 | D:2      | Found a transporter.
  1565 | D:2      | Found a white marble altar of Elyvilon.
  1566 | D:2      | Noticed an eight-headed hydra
  1928 | D:3      | Learned a level 2 spell: Passwall
  1932 | D:3      | Learned a level 3 spell: Stone Arrow
  2174 | D:3      | Reached XP level 4. HP: 21/27 MP: 0/7
  2193 | D:3      | Noticed a phantom
  2289 | D:3      | Reached skill level 5 in Earth Magic
  2385 | D:3      | Slain by a phantom

Skill      XL: |  1  2  3  4 |
---------------+-------------+-----
Earth Magic    | 4 5 |  5.3
Dodging        | |  2.0
Stealth        | |  2.6
Spellcasting   | |  2.0
Transmutations | |  1.0

Action                   |  1- 3 |  4- 6 || total
-------------------------+-------+-------++-------
Melee: Unarmed           |    94 |    10 ||   104
       Constrict         |    31 |     3 ||    34
       Tentacles         |    18 |     3 ||    21
 Cast: Sandblast         |    17 |    15 ||    32
 Stab: Sleeping          |     8 |       ||     8
  Eat: Chunk             |     3 |     2 ||     5
Armor: Skin              |    16 |     2 ||    18
Dodge: Dodged            |    75 |    15 ||    90
